 Dungeon Crawl Stone Soup version 0.31.0-11-ge490571c62 (webtiles) character file.

Game seed: 10692685189060298592

95 firemarshallily the Cutter (level 4, 0/31 HPs)
             Began as an Octopode Gladiator on Feb 6, 2024.
             Slain by an orc
             ... wielding a +0 club
              (5 damage)
             ... on level 6 of the Dungeon.
             The game lasted 00:05:02 (1586 turns).

firemarshallily the Cutter (Octopode Gladiator)     Turns: 1586, Time: 00:05:02

Health: 0/31       AC:  1    Str: 13    XL:     4   Next: 65%
Magic:  0/4        EV: 14    Int: 10    God:
Gold:   129        SH:  0    Dex: 15    Spells: 3/3 levels left

rFire   . . .        f - +1 dagger
rCold   . . .        (no shield)
rNeg    . . .        b - +0 hat
rPois   .            m - amulet of guardian spirit
rElec   .            (no ring)
rCorr   .            (no ring)
SInv    .            (no ring)
Will    .....        (no ring)
Stlth   +++          (no ring)
HPRegen 0.25/turn    (no ring)
MPRegen 0.09/turn    (no ring)
                     (no ring)

%: guardian spirit
@: brilliant
A: almost no armour, amphibious, 8 rings, camouflage 1, gelatinous body 1,
(nimble swimmer 1), tentacles
a: no special abilities


You were on level 6 of the Dungeon.
You visited 1 branch of the dungeon, and saw 4 of its levels.

You collected 129 gold pieces.

Inventory:

Hand Weapons
 a - a +0 rapier
 f - a +1 dagger (weapon)
Missiles
 c - 3 throwing nets
 d - a javelin
 e - 40 stones (quivered)
Armour
 b - a +0 hat (worn)
Jewellery
 m - an amulet of guardian spirit (around mantle)
Scrolls
 h - a scroll of teleportation {unknown}
 i - a scroll of brand weapon {unknown}
 k - a scroll of acquirement {unknown}
 l - a scroll of noise {unknown}
Potions
 j - a potion of brilliance
 n - a potion of mutation {unknown}


   Skills:
 * Level 3.2 Fighting
 * Level 3.8 Short Blades
 - Level 2.0 Throwing
 - Level 3.0 Dodging
 * Level 3.1 Stealth


You had 3 spell levels left.
You didn't know any spells.
Your spell library was empty.

Dungeon Overview and Level Annotations

Branches:
Dungeon (3/15)

Altars:
Qazlal


Innate Abilities, Weirdness & Mutations

You cannot wear most types of armour.
You are amphibious.
You can wear up to eight rings at the same time.
Your skin changes colour to match your surroundings (Stealth+).
Your rubbery body absorbs attacks. (AC +1, EV +1)
((You are camouflaged when in or above water. (Stealth+)))
You have tentacles for arms and can constrict up to eight enemies at once.


Message History

HP restored.
Found a stone staircase leading up.
There is a stone staircase leading up here.
You now have 129 gold pieces (gained 15).
Found a ring mail.
A rat comes into view.
A rat is nearby!
The rat squeaks loudly.
You hit the rat.
You kill the rat!
You see here a +0 ring mail.
There is a stone staircase leading down here.
Done exploring.
There is a stone staircase leading down here.
There is a stone staircase leading up here.
There is a stone staircase leading down here.
You climb downwards.
There is a stone staircase leading up here.
Found a stormy altar of Qazlal.
Found 9 gold pieces.
A malevolent force fills the Dungeon...
You fall into a shaft and drop 3 floors!
The shaft crumbles and collapses.
An orc comes into view.
It is wielding a +0 club and wearing a +2 leather armour of willpower.
An orc comes into view. It is wielding a +0 club.
You open the door.
The orc shouts!
There is an open door here.
You close the door.
An orc comes into view. It is wielding a +3 trident.
The orc hits you with a +0 club.
The orc hits you from afar with a +3 trident!
As you read the scroll labelled WYUB BERPHO, it crumbles to dust.
It is a scroll of enchant weapon.
Your +0 dagger glows red for a moment.
The orc hits you with a +0 club.
The orc hits you from afar with a +3 trident!
* * * LOW HITPOINT WARNING * * *
It was a potion of brilliance.
You feel clever all of a sudden. The orc hits you with a +0 club.
You die...

#.....# #.....#
#.....# #.....#
#.....#######
#.....+.....#
#....o#####.#
#####.# #.# ...
#@# ###o #o#
......o........
######.....#.##
##.#..# #.#..#
#.#... #.# #..
#.. ...


You could see 2 orcs.

Vanquished Creatures
  Robin (D:2)
  3 adders (D:2)
  3 endoplasms (D:1)
  A giant cockroach (D:2)
  10 goblins
  6 hobgoblins
  6 jackals (D:1)
  7 kobolds
  3 quokkas
  5 ball pythons
  2 bats (D:2)
  2 frilled lizards (D:2)
  3 rats
52 creatures vanquished.

Notes
Turn   | Place    | Note
-------+----------+-------------------------------------------
     0 | D:1      | firemarshallily the Octopode Gladiator began the quest for
                  | the Orb.
     0 | D:1      | Reached XP level 1. HP: 14/14 MP: 1/1
    53 | D:1      | Reached skill level 1 in Stealth
    53 | D:1      | Reached XP level 2. HP: 2/19 MP: 2/2
   609 | D:2      | Reached XP level 3. HP: 25/25 MP: 3/3
   753 | D:2      | Noticed Robin
   767 | D:2      | Killed Robin
   785 | D:2      | HP: 1/25 [goblin/+0 dagger[Robin] (3)]
   969 | D:2      | Reached XP level 4. HP: 29/30 MP: 2/4
  1566 | D:3      | Found a stormy altar of Qazlal.
  1567 | D:3      | You fall into a shaft and drop 3 floors!
  1586 | D:6      | Slain by an orc

Illustrated notes

Levels and vault maps discovered:
D:1:      evilmike_arrival_home_sweet_home, layout_rooms
D:2:      layout_loops_ring, minmay_misc_feat_iff,
          nicolae_concentric_dashed_squares_mild, uniq_robin
D:3:      layout_basic, mainiacjoe_overflow_paths, lemuel_crystal_altar
D:6:      layout_basic

Skill      XL: |  1  2  3  4 |
---------------+-------------+-----
Stealth        | 1 2 3 |  3.1
Fighting       | 3 |  3.2
Short Blades   | |  3.8
Throwing       | |  2.0
Dodging        | |  3.0

Action                     |  1- 3 |  4- 6 || total
---------------------------+-------+-------++-------
  Melee: Rapier            |    27 |       ||    27
         Constrict         |    21 |     7 ||    28
         Tentacles         |    16 |     4 ||    20
         Dagger            |    55 |    34 ||    89
         Punch             |     1 |       ||     1
  Throw: Javelin           |     1 |       ||     1
    Use: Scroll            |     1 |     1 ||     2
         Potion            |     3 |     1 ||     4
   Stab: Sleeping          |     4 |     6 ||    10
         Invisible         |     1 |       ||     1
 Armour: Skin              |    31 |    14 ||    45
  Dodge: Dodged            |    53 |    21 ||    74
